 Dungeon Crawl Stone Soup version 0.30.0 (webtiles) character file.

Game seed: 4880897717007455741

39 backslashecho the Sneak (level 3, 0/30 HPs)
             Began as a Barachi Delver on May 6, 2023.
             Was an Initiate of Okawaru.
             Slain by an iguana (9 damage)
             ... in the Ecumenical Temple.
             The game lasted 00:01:27 (374 turns).

backslashecho the Sneak (Barachi Delver)             Turns: 374, Time: 00:01:28

Health: 0/30       AC:  3    Str: 15    XL:     3   Next: 45%
Magic:  3/3        EV: 12    Int: 10    God:    Okawaru [......]
Gold:   6          SH:  0    Dex: 13    Spells: 2/2 levels left

rFire   . . .        a - +0 hand axe
rCold   . . .        (no shield)
rNeg    . . .        b - +0 leather armour
rPois   .            (no helmet)
rElec   .            (no cloak)
rCorr   .            (no gloves)
SInv    .            (no boots)
Will    .....        (no amulet)
Stlth   ++           (no ring)
HPRegen 0.25/turn    (no ring)
MPRegen 0.08/turn

%: no passive effects
@: attractive, hasted (expiring), quick
A: amphibious, slowness 1, strong legs 1, +LOS
a: Hop, Renounce Religion


You were in the Ecumenical Temple.
You worshipped Okawaru.
Okawaru was noncommittal.
You visited 2 branches of the dungeon, and saw 2 of its levels.

You collected 6 gold pieces.

Inventory:

Hand Weapons
 a - a +0 hand axe (weapon)
Armour
 b - a +0 leather armour (worn)
Wands
 g - a wand of digging (3)
Scrolls
 c - a scroll of fog
 d - a scroll of magic mapping
 e - a scroll of fear


   Skills:
 + Level 4.1 Fighting
 * Level 3.1 Axes
 - Level 2.1 Dodging
 + Level 4.7 Stealth
 - Level 1.0 Unarmed Combat


You had 2 spell levels left.
You didn't know any spells.
Your spell library was empty.

Dungeon Overview and Level Annotations

Branches:
Dungeon (5/15)             Temple (1/1) D:5

Altars:
Cheibriados
Elyvilon
Gozag
Hepliaklqana
Kikubaaqudgha
Nemelex Xobeh
Okawaru
Qazlal
Sif Muna
Trog
Vehumet
Xom
Yredelemnul
Zin

Annotations:
D:5 exclusion: adder


Innate Abilities, Weirdness & Mutations

You are amphibious.
You cover ground slowly.
You can hop short distances.
You have an extended range of vision and can be seen from far away.


Message History

You closely miss the howler monkey.
The howler monkey is lightly wounded.
The howler monkey hits you.
You take 4 damage, and have 8/18 hp.
MASSIVE DAMAGE!!
You hit the howler monkey.
The howler monkey is moderately wounded.
The howler monkey closely misses you.
You hit the howler monkey but do no damage.
The howler monkey is moderately wounded.
The howler monkey closely misses you.
You closely miss the howler monkey.
The howler monkey is moderately wounded.
The howler monkey misses you.
You slash the howler monkey!
The howler monkey is severely wounded.
The howler monkey hoots and howls with incredible vigour!
You hit the howler monkey.
The howler monkey is severely wounded.
The howler monkey closely misses you.
You hit the howler monkey.
The howler monkey is almost dead.
Your extra speed is starting to run out.
The howler monkey hits you.
* * * LOW HITPOINT WARNING * * *
You take 4 damage, and have 5/18 hp.
MASSIVE DAMAGE!!
It was a potion of attraction.
You feel attractive to monsters. The howler monkey barely misses you.
You closely miss the howler monkey.
The howler monkey is almost dead.
You barely miss the howler monkey.
The howler monkey is almost dead.
The howler monkey closely misses you.
You hit the howler monkey.
You kill the howler monkey!
Okawaru is honoured by your kill. The iguana is attracted toward you.
Training target 1.0 for Unarmed Combat reached!
Your Fighting skill increases to level 4!
Your Axes skill increases to level 3!
Your Unarmed Combat skill increases to level 1!
You have reached level 2!
You have reached level 3!
Your experience leads to an increase in your attributes!
Increase (S)trength, (I)ntelligence, or (D)exterity?
You feel stronger. x2
You regained 4 hp, and now have 9/30 hp.
MP restored: 3 You hit the iguana but do no damage.
The iguana bites you!
You die...

.###....##...##
##...##....###... ##
#....###### ######....#
#### #....## ##....#
#.....# ##### #.....#
##....# ##...## #....##
#....## #.....# ##....#
#.....# #.....# #.....#
##....###.....###....##
#.....###..@###.....#
##......##l##......##
###......ยง......###
##...........##
##.........##
#####.........#####
##...##.8...8.##...##
#.....#.......#.....#
#.._..'...<...'.._..#


You could see an iguana.

Vanquished Creatures
  A howler monkey (Temple)
  A quokka (D:5)
2 creatures vanquished.

Vanquished Creatures (others)
  6 plants (D:5)
6 creatures vanquished.

Grand Total: 8 creatures vanquished

Notes
Turn   | Place    | Note
-------+----------+-------------------------------------------
     0 | D:5      | backslashecho the Barachi Delver began the quest for the
                  | Orb.
     0 | D:5      | Reached XP level 1. HP: 18/18 MP: 1/1
     3 | D:5      | Found a staircase to the Ecumenical Temple.
    18 | Temple   | Entered the Ecumenical Temple
   288 | Temple   | Became a worshipper of Warmaster Okawaru
   333 | D:5      | Noticed a howler monkey
   341 | D:5      | Noticed an iguana
   373 | Temple   | Killed a howler monkey
   374 | Temple   | Reached skill level 1 in Unarmed Combat
   374 | Temple   | Reached XP level 2. HP: 7/25 MP: 2/2
   374 | Temple   | Reached XP level 3. HP: 9/30 MP: 3/3
   374 | Temple   | Slain by an iguana

Illustrated notes

Levels and vault maps discovered:
D:5:      layout_basic, pdpol_wu_jian_five_deadly_venoms,
          mainiacjoe_overflow_concentric_impassable, minmay_temple_entry_ruins,
          nicolae_ossuary_entry_monument, minmay_lizard_king
Temple:   minmay_temple_curvy_branch

Skill      XL: |  1 |
---------------+----+-----
Fighting       | 4 |  4.1
Axes           | 3 |  3.1
Unarmed Combat | 1 |  1.0
Dodging        | |  2.1
Stealth        | |  4.7

Action                     || total
---------------------------++-------
  Melee: Hand axe          ||    17
    Use: Potion            ||     2
 Armour: Leather armour    ||     1
  Dodge: Dodged            ||    10
